 Dungeon Crawl Stone Soup version 0.27-a0-1189-gb8eb6cee8e (webtiles) character file.

Game seed: 1820398512475572490

1814 freelancePsychic the Covert (level 8, -9/51 (54) HPs)
             Began as a Vampire Enchanter on May 23, 2021.
             Mangled by a wight
             ... wielding a +4 great sword
              (13 damage)
             ... on level 7 of the Dungeon.
             The game lasted 00:16:02 (7594 turns).

freelancePsychic the Covert (Vampire Enchanter)     Turns: 7594, Time: 00:16:03

HP:   -9/51 (54)    AC:  4    Str:  8    XL:     8   Next: 84%
MP:   11/11         EV: 12    Int: 19    God:
Gold: 282           SH:  5    Dex: 14    Spells: 8/11 levels left

rFire    . . .     SeeInvis +   b - +2 rapier (venom)
rCold    . . .     Faith    .   (no shield)
rNeg     . . .     Spirit   .   y - +0 robe
rPois    .         Reflect  +   (no helmet)
rElec    .         Harm     .   j - +0 cloak
rCorr    .         Rampage  .   (no gloves)
Will     .....                  g - +0 pair of boots
Stlth    +++++.....             q - amulet of reflection
HPRegen  0.37/turn              (no ring)
MPRegen  0.12/turn              (no ring)

@: healing quickly, drained
A: alive, fangs 3, see invisible, vampiric 2, [frail 1]
a: Exsanguinate


You were on level 7 of the Dungeon.
You visited 1 branch of the dungeon, and saw 7 of its levels.

You collected 282 gold pieces.

Inventory:

Hand Weapons
 a - a +1 dagger
 b - a +2 rapier of venom (weapon)
 k - a +0 rapier
Missiles
 c - 4 curare-tipped darts
Armour
 g - a +0 pair of boots (worn)
 j - a +0 cloak (worn)
 t - a +0 buckler
 y - a +0 robe (worn)
Jewellery
 f - a ring of flight
 n - an amulet of the acrobat
 q - an amulet of reflection (around neck)
Wands
 z - a wand of mindburst (15)
Scrolls
 h - a scroll of enchant armour
 i - a scroll of teleportation {@r4}
 m - a scroll of fear
 v - 3 scrolls of acquirement {unknown}
 w - 2 scrolls of identify {@r1}
Potions
 d - 2 potions of mutation
 e - a potion of magic
 l - 2 potions of curing {unknown}
 o - a potion of brilliance {unknown}
 p - a potion of attraction {unknown}
 r - a potion of might {unknown}
 s - 2 potions of heal wounds {unknown}
 u - a potion of lignification {unknown}
 x - 2 potions of cancellation {unknown}


   Skills:
 + Level 4.9 Fighting
 - Level 4.0 Short Blades
 - Level 2.1 Dodging
 * Level 13.5 Stealth
 - Level 2.0 Spellcasting
 - Level 6.6 Hexes


You had 8 spell levels left.
You knew the following spells:

 Your Spells              Type           Power      Damage    Failure   Level
a - Corona                Hex            30%        N/A       1%          1
b - Ensorcelled Hibernat  Hex/Ice        28%        N/A       7%          2

Your spell library contained the following spells:

 Spells                   Type           Power      Damage    Failure   Level
 Confusing Touch          Hex            27%        N/A       3%          3
 Tukima's Dance           Hex            27%        N/A       3%          3
 Dazzling Flash           Conj/Hex       28%        N/A       13%         3
 Animate Skeleton         Necr           2%         N/A       17%         1
 Apportation              Tloc           2%         N/A       17%         1
 Freeze                   Ice            4%         1d3       17%         1
 Shock                    Conj/Air       4%         1d3       17%         1
 Summon Small Mammal      Summ           4%         N/A       17%         1
 Static Discharge         Conj/Air       1%         N/A       26%         2
 Frozen Ramparts          Ice            2%         1d2       45%         3
 Ozocubu's Armour         Ice            1%         N/A       45%         3
 Swiftness                Air            1%         N/A       45%         3
 Metabolic Englaciation   Hex/Ice        7%         N/A       77%         5
 Airstrike                Air            0%         N/A       86%         4
 Hailstorm                Conj/Ice       1%         3d3       86%         4
 Lightning Bolt           Conj/Air       0%         1d11      99%         5


Dungeon Overview and Level Annotations

Branches:
Dungeon (7/15)
 Temple: D:4-7

Altars:
Nemelex Xobeh
Yredelemnul
Zin

Shops:
D:6 (


Innate Abilities, Weirdness & Mutations

Your natural rate of healing is accelerated.
You have razor-sharp teeth.
You have supernaturally acute eyesight. (SInv)
You are afflicted with vampirism and can become a bat while bloodless.
[You are frail. (-10% HP)]


Message History

The orc wizard hits you with a +0 dagger.
Aiming: Ensorcelled Hibernation (safe; 7% risk of failure)
Press: ? - help, Q - select action, (/) - cycle Shift-Dir - straight line, f/p - orc wizard
Aim: an orc wizard, wielding a +0 dagger and wearing a +0 robe (slightly transparent, chance to affect: 45%)
The orc wizard looks drowsy...
The helpless orc wizard fails to defend itself.
You bite the orc wizard, and draw its blood!
You feel better.
You spit the orc wizard like a pig!!!
You kill the orc wizard!
You begin the revivification ritual.
You continue your ritual. x5
Now alive.
You feel frail.
A wight comes into view. It is wielding a +4 great sword.
A wight comes into view. It is wielding a +2 vorpal hand axe.
The wight barely misses you.
You hit the wight.
The wight is moderately damaged.
The wight completely misses you.
Things that are here:
a +0 dagger; a +0 robe You puncture the wight!
The wight is severely damaged.
The wight hits you with a +4 great sword!
You feel drained.
You are too injured to fight recklessly!
You completely miss the wight.
The wight is severely damaged.
The wight hits you with a +4 great sword!
You feel drained.
You hit the wight but do no damage.
The wight is severely damaged.
You block the wight's attack.
You hit the wight.
The wight is severely damaged.
The wight hits you with a +4 great sword!
* * * LOW HITPOINT WARNING * * *
You hit the wight.
The wight is almost destroyed.
The wight hits you with a +4 great sword!
You die...

### #@########
#z#......#
#.###.##.#########
#.# #.#...........
###########.#
#.#..#########
#.........).#
#.#..# ##......#.#
#.#..######
#.##.###.#
#.#..##...#### #.#
#.# #.#.)##......#


You could see a wight.

Vanquished Creatures
  Maggie (D:6)
  Sigmund (D:6)
  A wraith (D:6)
  Eustachio (D:6)
  An acid dragon (D:7)
  A black bear (D:7)
  2 ogres (D:6)
  A centaur (D:6)
  A scorpion (D:5)
  2 water moccasin skeletons (D:6)
  A wight (D:7)
  A bullfrog zombie (D:6)
  2 jellies (D:6)
  A bullfrog skeleton (D:6)
  A centaur skeleton (D:7)
  5 orc wizards
  A killer bee zombie (D:6)
  A hound skeleton (D:4)
  3 gnolls
  6 adders
  2 shadow imps (D:7)
  An ufetubus (D:5)
  4 worms
  A dart slug (D:1)
  5 orcs
  5 ball pythons
  An endoplasm (D:4)
  4 giant cockroaches
  3 goblins
  2 hobgoblins (D:1)
  6 jackals (D:2)
  3 quokkas
  3 bats
  10 frilled lizards (D:2)
  7 kobolds
  8 rats
99 creatures vanquished.

Vanquished Creatures (others)
  5 plants (D:2)
5 creatures vanquished.

Grand Total: 104 creatures vanquished

Notes
Turn   | Place    | Note
-------+----------+-------------------------------------------
     0 | D:1      | freelancePsychic the Vampire Enchanter began the quest for
                  | the Orb.
     0 | D:1      | Reached XP level 1. HP: 13/13 MP: 3/3
   249 | D:1      | Reached XP level 2. HP: 19/19 MP: 5/5
   553 | D:2      | Reached skill level 5 in Stealth
   588 | D:1      | Learned a level 2 spell: Ensorcelled Hibernation
   679 | D:2      | Reached skill level 5 in Hexes
   763 | D:1      | Gained mutation: You are afflicted with vampirism and can
                  | become a bat while bloodless. [Vampire growth]
   763 | D:1      | Reached XP level 3. HP: 24/24 MP: 0/6
  1746 | D:2      | Reached XP level 4. HP: 24/24 MP: 4/7
  1878 | D:2      | Reached skill level 6 in Stealth
  2438 | D:3      | Found a faded altar of an unknown god.
  3568 | D:4      | Reached XP level 5. HP: 25/28 MP: 3/8
  4291 | D:4      | Reached skill level 7 in Stealth
  4530 | D:4      | Noticed a necrophage
  4866 | D:5      | Entered Level 5 of the Dungeon
  5135 | D:5      | Reached XP level 6. HP: 33/33 MP: 9/9
  5330 | D:5      | Noticed a sky beast
  5355 | D:6      | Reached skill level 1 in Fighting
  5355 | D:6      | Reached skill level 8 in Stealth
  5648 | D:6      | Noticed Sigmund
  5654 | D:6      | Killed Sigmund
  5655 | D:6      | Reached skill level 9 in Stealth
  5655 | D:6      | Reached XP level 7. HP: 40/40 MP: 10/10
  5655 | D:6      | Found a large runed translucent door.
  5655 | D:6      | Found a large runed translucent door.
  5678 | D:6      | Found a basalt altar of Yredelemnul.
  5688 | D:6      | Found a sparkling altar of Nemelex Xobeh.
  5856 | D:6      | Noticed Maggie
  5871 | D:6      | Killed Maggie
  5872 | D:6      | Reached skill level 10 in Stealth
  6236 | D:6      | Found Xofas's Weapon Boutique.
  6247 | D:6      | Reached skill level 11 in Stealth
  6247 | D:6      | Reached XP level 8. HP: 46/46 MP: 2/11
  6477 | D:6      | Noticed Eustachio
  6484 | D:6      | Killed Eustachio
  6652 | D:6      | Reached skill level 12 in Stealth
  7139 | D:7      | Reached skill level 13 in Stealth
  7594 | D:7      | Mangled by a wight

Illustrated notes

Levels and vault maps discovered:
D:1:      dpeg_arrival_yet_another_circle, layout_rooms
D:2:      layout_loops_ring, minmay_lizard_king
D:3:      layout_loops_corners, ebering_ecumenical_altar_box
D:4:      layout_basic, cheibrodos_worm_habitat, kennysheep_minor_cross
D:5:      layout_basic, zin_scriptorium, minmay_temple_entry_junction_2,
          serial_rivers, chequers_serial_rivers_micro_e,
          chequers_serial_rivers_micro_d, chequers_serial_rivers_micro_c,
          chequers_serial_rivers_micro_a
D:6:      layout_loops_ring, jmf_multi_god_temple2, serial_shops,
          shop_fountains, minmay_tree_intersection, kennysheep_small_square,
          uniq_maggie, uniq_eustachio, uniq_sigmund
D:7:      layout_basic, serial_shops, shop, uniq_duvessa

Skill      XL: |  1  2  3  4  5  6  7  8 |
---------------+-------------------------+-----
Stealth        | 5 6 7 9 11 13 | 13.5
Hexes          | 5 6 |  6.6
Short Blades   | 2 3 4 |  4.0
Fighting       | 2 3 4 |  4.9
Dodging        | |  2.1
Spellcasting   | |  2.0

Action                   |  1- 3 |  4- 6 |  7- 9 || total
-------------------------+-------+-------+-------++-------
Melee: Dagger            |    94 |    86 |    25 ||   205
       Bite              |     7 |     8 |     2 ||    17
       Unarmed           |       |    24 |       ||    24
       Rapier            |       |    29 |    37 ||    66
Throw: Dart              |       |       |     1 ||     1
 Cast: Corona            |     3 |       |       ||     3
       Ensorcelled Hiber |    24 |    18 |    15 ||    57
 Abil: Exsanguinate      |     1 |       |       ||     1
       End Transformatio |       |     1 |       ||     1
       Bat Form          |       |     1 |       ||     1
       Revivify          |       |       |     1 ||     1
  Use: Scroll            |       |     5 |       ||     5
 Stab: Sleeping          |    17 |    25 |    18 ||    60
Armor: Robe              |    12 |    24 |     9 ||    45
Dodge: Dodged            |    78 |    81 |    18 ||   177
Block: Other             |       |     1 |     8 ||     9

Table legend: (Time is in decaauts)
 A = Elapsed time spent in this place.
 B = Non-inter-level travel time spent in this place.
 C = Inter-level travel time spent in this place.
 D = Time resting spent in this place.
 E = Time spent auto-exploring this place.
 F = Levels seen in this place.
 G = Mean time per level.
                   A        B        C        D        E       F      G
               +--------+--------+--------+--------+--------+-----+--------+
         Total |   7525 |   7321 |    204 |    482 |   5688 |   7 | 1075.0 |
       Dungeon |   7525 |   7321 |    204 |    482 |   5688 |   7 | 1075.0 |
               +--------+--------+--------+--------+--------+-----+--------+

Top non-repeatable levels by time:
     D:6: 1601 daAuts
     D:4: 1464 daAuts
     D:2: 1322 daAuts
     D:3: 1008 daAuts
     D:1: 1007 daAuts
     D:7: 642 daAuts
     D:5: 477 daAuts
